 Dungeon Crawl Stone Soup version 0.31-a0-746-ge8284cb111 (webtiles) character file.

Game seed: 16022899401936567957

9 CrazyBamboolord the Changeling (level 2, 0/25 HPs)
             Began as a Naga Shapeshifter on Sept 14, 2023.
             Slain by a bat (1 damage)
             ... on level 1 of the Dungeon.
             The game lasted 00:00:27 (180 turns).

CrazyBamboolord the Changeling (Naga Shapeshifter)   Turns: 180, Time: 00:00:27

Health: 0/25       AC:  1    Str: 16    XL:     2   Next: 12%
Magic:  2/2        EV:  9    Int: 10    God:
Gold:   9          SH:  0    Dex: 10    Spells: 1/1 levels left

rFire   . .          .
                       - Unarmed
rCold   . . .        (no shield)
rNeg    . . .        a - +0 animal skin
rPois   +            (helmet currently unavailable)
rElec   .            (cloak currently unavailable)
rCorr   .            (gloves currently unavailable)
SInv    +            (no barding)
Will    .....        (no amulet)
Stlth   +            (no ring)
HPRegen 0.24/turn    (no ring)
MPRegen 0.08/turn

%: no passive effects
@: beast-form, very slow
A: beast (slay +2), AC +0, large, see invisible, deformed body, poison
resistance, slowness 2, spit poison 1, naga tail 1
a: Spit Poison, Begin Untransformation


You were on level 1 of the Dungeon.
You were a hulking beast.
You visited 1 branch of the dungeon, and saw 1 of its levels.

You collected 9 gold pieces.

Inventory:

Armour
 a - a +0 animal skin (worn)
Talismans
 c - a beast talisman (active)
 d - a flux talisman
Potions
 b - a potion of lignification


   Skills:
 - Level 1.0 Fighting
 - Level 1.5 Dodging
 - Level 3.0 Unarmed Combat
 + Level 3.5 Shapeshifting


You had one spell level left.
You didn't know any spells.
Your spell library was empty.

Dungeon Overview and Level Annotations

Branches:
Dungeon (1/15)

Altars:


Innate Abilities, Weirdness & Mutations

You are a hulking beast.
Your limbs bulge with bestial killing power. (Slay +2)
Your serpentine skin is tough. (AC +0)
You have supernaturally acute eyesight. (SInv)
Armour fits poorly on your strangely shaped body.
Your system is resistant to poisons. (rPois)
You cover ground very slowly.
You can spit poison.
You have a snake-like lower body.


Message History

The bat closely misses you. The endoplasm hits you.
A frilled lizard comes into view.
The kobold barely misses you. The endoplasm barely misses you.
Unknown command.
You are too injured to fight recklessly!
Unknown command.
Unknown command.
You are too injured to fight recklessly!
You are too injured to fight recklessly!
The frilled lizard hisses angrily.
You punch the kobold!
You kill the kobold!
The bat hits you. The endoplasm hits you.
* * * LOW HITPOINT WARNING * * *
You have reached level 2!
You completely miss the endoplasm. The bat hits you.
* * * LOW HITPOINT WARNING * * *
The endoplasm hits you.
* * * LOW HITPOINT WARNING * * *
Unknown command.
You hit the endoplasm.
You kill the endoplasm!
The bat barely misses you.
Unknown command.
You hit the bat.
The bat is moderately wounded.
The bat hits you but does no damage. The bat hits you.
* * * LOW HITPOINT WARNING * * *
You hit the bat but do no damage.
The bat is moderately wounded.
The bat misses you. The bat hits you but does no damage.
You barely miss the bat.
The bat is moderately wounded.
The bat hits you but does no damage. The frilled lizard bites you.
* * * LOW HITPOINT WARNING * * *
You closely miss the frilled lizard. The frilled lizard bites you.
* * * LOW HITPOINT WARNING * * *
The bat hits you.
You die...

#......####.#
#.####...##.#
#.######..#.#
#.....###.#.# #.###.#
#.#.# #.# #.# #...#
##.# #.####..####.
#####..# #...#........
##....h.#####.#.######.
##....bl..## #...#
#..........# #.)##
#....).....# #..#
#..........# #..#
#$.........# #..#
#..........# ##.#
##........>.. ...
#........#######


You could see a bat and a frilled lizard.

Vanquished Creatures
  A ball python (D:1)
  A bat (D:1)
  An endoplasm (D:1)
  A goblin (D:1)
  A quokka (D:1)
  2 kobolds (D:1)
7 creatures vanquished.

Notes
Turn   | Place    | Note
-------+----------+-------------------------------------------
     0 | D:1      | CrazyBamboolord the Naga Shapeshifter began the quest for
                  | the Orb.
     0 | D:1      | Reached XP level 1. HP: 18/18 MP: 1/1
   173 | D:1      | Reached XP level 2. HP: 6/25 MP: 2/2
   180 | D:1      | HP: 1/25 [frilled lizard (2)]
   180 | D:1      | Slain by a bat

Illustrated notes

Levels and vault maps discovered:
D:1:      giann_horns, layout_rooms, nicolae_nh_oracle_at_delphi

Action                     || total
---------------------------++-------
  Melee: Unarmed           ||    29
         Punch             ||     1
 Armour: Animal skin       ||    32
  Dodge: Dodged            ||    21

Table legend: (Time is in decaauts)
 A = Elapsed time spent in this place.
 B = Non-inter-level travel time spent in this place.
 C = Inter-level travel time spent in this place.
 D = Time resting spent in this place.
 E = Time spent auto-exploring this place.
 F = Levels seen in this place.
 G = Mean time per level.
                   A        B        C        D        E       F      G
               +--------+--------+--------+--------+--------+-----+--------+
         Total |    214 |    214 |      0 |      0 |    155 |   1 |  214.0 |
       Dungeon |    214 |    214 |      0 |      0 |    155 |   1 |  214.0 |
               +--------+--------+--------+--------+--------+-----+--------+

Top non-repeatable levels by time:
     D:1: 214 daAuts
